 Dungeon Crawl Stone Soup version 0.28.0-53-g5a82cb258f (webtiles) character file.

Game seed: 7323944283635938650

46 H0rd4k the Charlatan (level 3, -1/26 HPs)
             Began as a Human Artificer on June 23, 2022.
             Slain by a hobgoblin
             ... wielding a +0 dagger
              (4 damage)
             ... on level 2 of the Dungeon.
             The game lasted 00:01:33 (2255 turns).

H0rd4k the Charlatan (Human Artificer)              Turns: 2255, Time: 00:01:34

Health: -1/26      AC:  4    Str: 12    XL:     3   Next: 92%
Magic:  3/3        EV: 11    Int: 13    God:
Gold:   94         SH:  0    Dex: 13    Spells: 2/2 levels left

rFire   . . .      SeeInvis .   a - +0 club
rCold   . . .      Faith    .   (no shield)
rNeg    . . .      Spirit   .   b - +0 leather armour
rPois   .          Reflect  .   (no helmet)
rElec   .          Harm     .   m - +0 cloak
rCorr   .          Rampage  .   (no gloves)
Will    .....                   (no boots)
Stlth   +.........              (no amulet)
HPRegen 0.08/turn               (no ring)
MPRegen 0.08/turn               (no ring)

@: no status effects
A: no striking features
a: no special abilities


You were on level 2 of the Dungeon.
You visited 1 branch of the dungeon, and saw 2 of its levels.

You collected 94 gold pieces.

Inventory:

Hand Weapons
 a - a +0 club (weapon)
Missiles
 n - 5 poisoned darts (quivered)
Armour
 b - a +0 leather armour (worn)
 f - a scarf of harm
 m - a +0 cloak (worn)
Wands
 c - a wand of flame (10)
 d - a wand of charming (14)
Scrolls
 g - a scroll of vulnerability {unknown}
 h - a scroll of identify {unknown}
 i - a scroll of teleportation {unknown}
 j - a scroll of acquirement {unknown}
 k - a scroll of magic mapping {unknown}
Potions
 l - a potion of flight {unknown}
Miscellaneous
 e - a piece from Xom's chessboard (15/15)


   Skills:
 + Level 1.3 Fighting
 + Level 1.8 Maces & Flails
 - Level 2.0 Armour
 + Level 1.4 Dodging
 - Level 1.0 Stealth
 + Level 3.6 Evocations


You had 2 spell levels left.
You didn't know any spells.
Your spell library was empty.

Dungeon Overview and Level Annotations

Branches:
Dungeon (2/15)

Altars:

Shops:
D:1 :   D:2 (


Message History

No target in view!
No target in view!
A hobgoblin comes into view.
A hobgoblin is nearby!
A hobgoblin is nearby!
A hobgoblin is nearby!
A hobgoblin is nearby!
The hobgoblin shouts!
You hear a shout!
A hobgoblin comes into view.
It is wielding a +0 dagger and wearing an orb of wrath.
The hobgoblin hits you.
There are monsters nearby!
You hit the hobgoblin.
You kill the hobgoblin!
A hobgoblin is nearby!
A hobgoblin comes into view.
The hobgoblin shouts!
A ball python comes into view.
The ball python hisses angrily.
The hobgoblin hits you but does no damage.
You closely miss the hobgoblin.
You punch the hobgoblin, but do no damage.
The hobgoblin goes berserk!
The hobgoblin closely misses you.
The hobgoblin hits you with a +0 dagger!
You barely miss the hobgoblin. The hobgoblin closely misses you.
The hobgoblin hits you with a +0 dagger.
Aiming: Throw Flame
Press: ? - help, Shift-Dir - straight line, f - hobgoblin
Aim: a hobgoblin, wielding a +0 dagger and wearing an orb of wrath (berserk, 71% to hit)
The puff of flame misses the hobgoblin.
The puff of flame hits the ball python!
You kill the ball python!
The hobgoblin hits you but does no damage. x2
The hobgoblin hits you with a +0 dagger!
* * * LOW HITPOINT WARNING * * *
Aiming: Throw Flame
Press: ? - help, Shift-Dir - straight line, f/p - hobgoblin
Aim: a hobgoblin, wielding a +0 dagger and wearing an orb of wrath (berserk, 71% to hit)
The puff of flame hits the hobgoblin.
The hobgoblin is heavily wounded.
The hobgoblin hits you with a +0 dagger.
You die...

#..#8...8###)## ##.
#.)##...##.#.# ..
#..##...##.#.## # #..
#..##...##.#..# ##.#..
####8†..⌠#.....
......#### ####...###....
.......#8###8##...##.....
.........†........##.....
.....†.g@.........8#)....
.......g..........##.(...
......##8###⌠###8###.....
...... ### ### ## ##....
..... #.... ###.. #.....
#. ....>. 8. ......
#.....


You could see 2 hobgoblins.

Vanquished Creatures
  An adder (D:2)
  A worm (D:2)
  An orc (D:2)
  An endoplasm (D:1)
  A giant cockroach (D:1)
  2 goblins
  3 hobgoblins (D:2)
  4 jackals (D:1)
  2 quokkas
  3 ball pythons
  A bat (D:1)
  2 kobolds (D:2)
  9 rats
31 creatures vanquished.

Vanquished Creatures (collateral kills)
  An endoplasm (D:1)
1 creature vanquished.

Vanquished Creatures (others)
  A hobgoblin (D:1)
1 creature vanquished.

Grand Total: 33 creatures vanquished

Notes
Turn   | Place    | Note
-------+----------+-------------------------------------------
     0 | D:1      | H0rd4k the Human Artificer began the quest for the Orb.
     0 | D:1      | Reached XP level 1. HP: 15/15 MP: 1/1
   466 | D:1      | Reached XP level 2. HP: 20/21 MP: 2/2
   514 | D:1      | Found Ircheory's Book Emporium.
  1686 | D:2      | Reached skill level 1 in Maces & Flails
  1707 | D:2      | Reached XP level 3. HP: 19/26 MP: 3/3
  2193 | D:2      | Found Cevvia's Antique Weapon Shoppe.
  2255 | D:2      | Slain by a hobgoblin

Illustrated notes

Levels and vault maps discovered:
D:1:      psy_arrival_spokes, layout_loops_ring, serial_shops,
          nicolae_shop_hallway_plus, chequers_serial_rivers_small_b
D:2:      layout_rooms, ebering_ecumenical_altar_rust, serial_corexii_hall,
          corexii_hall_statues_l, corexii_hall_statues_x, serial_shops, shop

Skill      XL: |  1  2 |
---------------+-------+-----
Maces & Flails | 1 |  1.8
Fighting       | |  1.3
Armour         | |  2.0
Dodging        | |  1.4
Stealth        | |  1.0
Evocations     | |  3.6

Action                   || total
-------------------------++-------
Melee: Club              ||   155
       Punch             ||     2
Evoke: Wand              ||     6
Armor: Leather armour    ||    57
Dodge: Dodged            ||   107
